 Dungeon Crawl Stone Soup version 0.30-a0-56-ge6a4009bfd (webtiles) character file.

Game seed: 10411998622987380691

4 dracfodder the Conjurer (level 1, -1/14 HPs)
             Began as a Draconian Conjurer on Sept 11, 2022.
             Slain by a kobold
             ... wielding a +1 dagger of freezing
              (4 damage)
             ... on level 1 of the Dungeon.
             The game lasted 00:01:41 (299 turns).

dracfodder the Conjurer (Draconian Conjurer)         Turns: 299, Time: 00:01:42

Health: -1/14      AC:  4    Str:  9    XL:     1   Next: 58%
Magic:  3/3        EV: 12    Int: 18    God:
Gold:   0          SH:  0    Dex:  9    Spells: 3/4 levels left

rFire   + . .      SeeInvis .    c - +0 dagger
rCold   . . .      Faith    .    (no shield)
rNeg    . . .      Spirit   .    (body armour unavailable)
rPois   .          Reflect  .    (helmet restricted)
rElec   .          Harm     .    (no cloak)
rCorr   .          Rampage  .    (no gloves)
Will    .....                    (no boots)
Stlth   ++........               (no amulet)
HPRegen 0.04/turn                e - ring of protection from fire
MPRegen 0.08/turn                (no ring)

@: slowed, very slow
A: AC +4, unfitting armour, cold-blooded
a: no special abilities


You were on level 1 of the Dungeon.
You visited 1 branch of the dungeon, and saw 1 of its levels.

Inventory:

Hand Weapons
 c - a +0 dagger (weapon)
Missiles
 b - 9 stones
Jewellery
 e - a ring of protection from fire (left hand)
Scrolls
 d - a scroll of fear {unknown}


   Skills:
 + Level 1.7 Dodging
 + Level 1.9 Stealth
 + Level 2.0 Spellcasting
 + Level 4.1 Conjurations


You had 3 spell levels left.
You knew the following spells:

 Your Spells              Type           Power      Damage    Failure   Level
a - Magic Dart            Conj           64%        1d6       3%          1

Your spell library contained the following spells:

 Spells                   Type           Power      Damage    Failure   Level
 Searing Ray              Conj           32%        2d5       4%          2
 Dazzling Flash           Conj/Hex       18%        N/A       22%         3
 Stone Arrow              Conj/Erth      18%        3d8       22%         3
 Fulminant Prism          Conj/Hex       4%         3d6       58%         4
 Iskenderun's Mystic Bla  Conj/Tloc      9%         2d4       58%         4
 Lehudib's Crystal Spear  Conj/Erth      4%         10d3      100%        8
 Animate Armour           Summ/Erth      Unusable   N/A       N/A         4

Dungeon Overview and Level Annotations

Branches:
Dungeon (1/15)

Altars:


Innate Abilities, Weirdness & Mutations

Your plain brown scales are hard. (AC +4)
You cannot fit into any form of body armour.
You are cold-blooded and may be slowed by cold attacks.


Message History

The kobold is moderately wounded.
The kobold hits you but does no damage.
You barely miss the kobold.
Your tail-slap misses the kobold.
The kobold is moderately wounded.
The kobold hits you with a +1 dagger of freezing.
You feel yourself slow down. The kobold freezes you.
You completely miss the kobold.
The kobold is moderately wounded.
The kobold hits you but does no damage. x2
You hit the kobold but do no damage.
Your tail-slap misses the kobold.
The kobold is moderately wounded.
You feel yourself speed up.
The kobold hits you with a +1 dagger of freezing.
The kobold freezes you.
You completely miss the kobold.
The kobold is moderately wounded.
The kobold barely misses you.
You closely miss the kobold.
The kobold is moderately wounded.
The kobold hits you but does no damage.
You hit the kobold but do no damage.
You tail-slap the kobold, but do no damage.
The kobold is moderately wounded.
The kobold hits you with a +1 dagger of freezing.
You feel yourself slow down. The kobold freezes you.
You are too injured to fight recklessly!
Aiming: Magic Dart (safe; 3% risk of failure)
Press: ? - help, Q - select action, (/) - cycle Shift-Dir - straight line, f/p - kobold
Aim: a kobold, wielding a +1 dagger of freezing (moderately wounded, 100% to hit)
The magic dart hits the kobold.
The kobold is heavily wounded.
The kobold hits you but does no damage.
The kobold hits you with a +1 dagger of freezing.
* * * LOW HITPOINT WARNING * * *
You feel as though you will be slow longer.
The kobold freezes you.
* * * LOW HITPOINT WARNING * * *
Magic courses through your body.
The kobold hits you with a +1 dagger of freezing.
You die...

##) ## #. ... .. #.
#.##. #).. #.#. ...
#.. #.##.#
#....######
#.#K......#
#...@.....#
#.........#
#.........##
###........##########
#.......[.รท........
#....).............
##.................
#.................
...................


You could see a kobold.

Vanquished Creatures
  A ball python (D:1)
  An endoplasm (D:1)
  A goblin (D:1)
  A kobold (D:1)
4 creatures vanquished.

Notes
Turn   | Place    | Note
-------+----------+-------------------------------------------
     0 | D:1      | dracfodder the Draconian Conjurer began the quest for the
                  | Orb.
     0 | D:1      | Reached XP level 1. HP: 14/14 MP: 3/3
   299 | D:1      | Slain by a kobold

Illustrated notes

Levels and vault maps discovered:
D:1:      dpeg_arrival_solitude, layout_basic, minmay_misc_feat_alley

Action                   || total
-------------------------++-------
Melee: Dagger            ||    11
       Tailslap          ||     2
 Cast: Magic Dart        ||     8
  Use: Potion            ||     1
Armor: Skin              ||     8
Dodge: Dodged            ||     2

Table legend: (Time is in decaauts)
 A = Elapsed time spent in this place.
 B = Non-inter-level travel time spent in this place.
 C = Inter-level travel time spent in this place.
 D = Time resting spent in this place.
 E = Time spent auto-exploring this place.
 F = Levels seen in this place.
 G = Mean time per level.
                   A        B        C        D        E       F      G
               +--------+--------+--------+--------+--------+-----+--------+
         Total |    302 |    302 |      0 |    203 |     11 |   1 |  302.0 |
       Dungeon |    302 |    302 |      0 |    203 |     11 |   1 |  302.0 |
               +--------+--------+--------+--------+--------+-----+--------+

Top non-repeatable levels by time:
     D:1: 302 daAuts
